 Dungeon Crawl Stone Soup version 0.28.0-53-g5a82cb258f (webtiles) character file.

Game seed: 16402586236245282615

56 pkoi the Gusty (level 3, 0/26 HPs)
             Began as a Demigod Air Elementalist on May 24, 2022.
             Killed from afar by an orc wizard (7 damage)
             ... with a magic dart
             ... on level 3 of the Dungeon.
             The game lasted 00:02:45 (3029 turns).

pkoi the Gusty (Demigod Air Elementalist)           Turns: 3029, Time: 00:02:46

Health: 0/26       AC:  3    Str:  9    XL:     3   Next: 48%
Magic:  5/9        EV: 12    Int: 21    God:
Gold:   52         SH:  0    Dex: 14    Spells: 3/6 levels left

rFire   . . .      SeeInvis .   k - +0 quarterstaff
rCold   . . .      Faith    .   (shield currently unavailable)
rNeg    . . .      Spirit   .   a - +1 robe
rPois   .          Reflect  .   (no helmet)
rElec   .          Harm     .   (no cloak)
rCorr   .          Rampage  .   (no gloves)
Will    .....                   (no boots)
Stlth   ++........              (no amulet)
HPRegen 0.08/turn               (no ring)
MPRegen 0.11/turn               (no ring)

@: no status effects
A: high MP 1, forlorn, divine attributes
a: no special abilities


You were on level 3 of the Dungeon.
You visited 1 branch of the dungeon, and saw 3 of its levels.

You collected 52 gold pieces.

Inventory:

Hand Weapons
 d - a +0 war axe
 e - a +0 short sword
 h - a +0 whip
 k - a +0 quarterstaff (weapon)
Armour
 a - a +1 robe (worn)
Wands
 l - a wand of iceblast (7)
Scrolls
 b - a scroll of fear
 g - a scroll of magic mapping
 i - 3 scrolls of identify
 j - a scroll of teleportation
Potions
 c - a potion of berserk rage
 f - a potion of might


   Skills:
 - Level 1.7 Dodging
 - Level 1.7 Stealth
 + Level 2.2 Spellcasting
 + Level 1.6 Conjurations
 * Level 3.6 Air Magic


You had 3 spell levels left.
You knew the following spells:

 Your Spells              Type           Power      Damage    Failure   Level
a - Shock                 Conj/Air       52%        1d6       4%          1
b - Static Discharge      Conj/Air       13%        N/A       8%          2

Your spell library contained the following spells:

 Spells                   Type           Power      Damage    Failure   Level
 Swiftness                Air            17%        N/A       10%         3
 Dazzling Flash           Conj/Hex       10%        N/A       30%         3
 Ozocubu's Armour         Ice            2%         N/A       41%         3
 Airstrike                Air            8%         N/A       32%         4
 Iskenderun's Mystic Bla  Conj/Tloc      5%         2d3       71%         4
 Starburst                Conj/Fire      2%         6d3       100%        6
 Ozocubu's Refrigeration  Ice            1%         4d5       100%        7


Dungeon Overview and Level Annotations

Branches:
Dungeon (3/15)

Annotations:
D:2 Sigmund


Innate Abilities, Weirdness & Mutations

You have an increased reservoir of magic. (+10% MP)
You shall have no god before yourself.
Your divine heritage dramatically boosts your attributes as you level up.


Message History

The zap hits the orc.
The orc is moderately wounded.
The zap hits the orc.
The orc is heavily wounded.
An orc wizard comes into view. It is wielding a +0 dagger.
The zap misses the orc. x2; The zap hits the orc.
The orc is severely wounded.
The orc wizard gestures wildly while chanting.
The orc wizard flickers and vanishes!
Deactivating autopickup; reactivate with Ctrl-A.
The zap hits the orc.
The orc is heavily wounded.
The zap hits the orc.
You kill the orc!
The zap misses the orc.
The zap hits the orc.
The orc is severely wounded.
The zap hits the orc.
You kill the orc!
The zap hits something.
The zap hits the orc.
You kill the orc!
The zap hits the orc.
You kill the orc!
You can't see any susceptible monsters within range! (Use Z to cast anyway.)
You can't see any susceptible monsters within range! (Use Z to cast anyway.) Unknown command.
You can't see any susceptible monsters within range! (Use Z to cast anyway.)
You are confused.
You start resting.
A puff of flame appears from out of thin air!
The puff of flame hits you!
* * * LOW HITPOINT WARNING * * *
You feel less confused.
Something tries to affect you, but you resist.
A puff of flame appears from out of thin air!
The puff of flame hits you!
* * * LOW HITPOINT WARNING * * *
Something tries to affect you, but you resist.
A magic dart appears from out of thin air!
The magic dart hits you!
You die...

#......###
#.#...####
#.{......+
#.#...#### #.##.##
#.#### #.# #.# #+#
##@## #.#
##...###########.##
#....>...##>......#
#.##.###.##.###...##
#.##.# #.##.#.......
#.##.###.##.#.#...#.
#.##........#.##..#.
#.######.####.###...
#.######.# #.#####.


There were no monsters in sight!

Vanquished Creatures
  An adder (D:2)
  3 dart slugs
  4 orcs (D:3)
  2 ball pythons (D:2)
  2 bats (D:1)
  3 endoplasms
  A giant cockroach (D:1)
  4 goblins
  2 hobgoblins
  5 jackals
  A frilled lizard (D:3)
  2 kobolds
  2 rats
32 creatures vanquished.

Notes
Turn   | Place    | Note
-------+----------+-------------------------------------------
     0 | D:1      | pkoi the Demigod Air Elementalist began the quest for the
                  | Orb.
     0 | D:1      | Reached XP level 1. HP: 14/14 MP: 5/5
   260 | D:1      | Reached skill level 1 in Conjurations
   260 | D:1      | Reached skill level 3 in Air Magic
   795 | D:1      | Reached XP level 2. HP: 20/20 MP: 5/7
  1007 | D:1      | You fall into a shaft and drop 1 floor!
  1752 | D:2      | Noticed Sigmund
  2196 | D:1      | Learned a level 2 spell: Static Discharge
  2322 | D:2      | Reached XP level 3. HP: 26/26 MP: 5/8
  3029 | D:3      | Killed from afar by an orc wizard

Illustrated notes

Levels and vault maps discovered:
D:1:      dpeg_arrival_round_a, layout_basic
D:2:      layout_basic, shapermc_ecumenical_altar_petra, uniq_sigmund,
          uniq_crazy_yiuf_cottage
D:3:      layout_loops_corners, nicolae_ashenzari_panopticon, uniq_ijyb

Skill      XL: |  1  2 |
---------------+-------+-----
Conjurations   | 1 |  1.6
Air Magic      | 3 |  3.6
Spellcasting   | 2 |  2.2
Dodging        | |  1.7
Stealth        | |  1.7

Action                   || total
-------------------------++-------
Melee: Unarmed           ||     5
       Quarterstaff      ||     1
 Cast: Shock             ||    71
  Use: Scroll            ||     8
Armor: Robe              ||     5
Dodge: Dodged            ||     8
